Get step-by-step instructions on how to execute this build order below. Start the game timer, and the build order will tick by so you can play in parallel with StarCraft on a second screen or mobile device.

Game Time

  0:00

Last Step

  N/A

Next Step

Upcoming Step



Don't want to look back and forth between 2 screens? Try out our Overwolf App, the Spawning Tool Build Advisor to get an in-game overlay with this build!

Complete Build Order

  12  0:00  SCV  
  13  0:12  SCV  
  14  0:17  Supply Depot  
  14  0:24  SCV  
  15  0:39  SCV  
  15  0:40  Barracks  
  16  0:44  Refinery  
  16  0:51  SCV  
  16  0:53  Refinery  
  17  1:03  SCV  
  18  1:15  SCV  
  19  1:27  Orbital Command, Reaper  
  20  1:33  Supply Depot  
  20  1:43  Factory  
  20  1:53  SCV  
  21  1:59  Reaper  
  22  2:05  SCV  
  23  2:17  SCV  
  24  2:22  Command Center  
  24  2:28  Hellion  
  26  2:30  SCV  
  26  2:36  Reaper  
  28  2:42  SCV, Supply Depot  
  29  2:51  Cyclone  
  31  3:03  SCV, Starport  
  31  3:15  SCV  
  30  3:27  Cyclone  
  30  3:28  Barracks Reactor, SCV  
  32  3:40  SCV  
  33  3:49  Orbital Command  
  33  3:52  Starport Tech Lab, SCV  
  33  3:53  Refinery  
  33  3:54  Command Center  
  34  4:01  Factory Tech Lab  
  34  4:04  SCV  
  34  4:06  Marine x2  
  37  4:15  Raven  
  37  4:16  SCV  
  37  4:17  SCV  
  41  4:21  Siege Tank  
  44  4:27  Interference Matrix  
  44  4:28  SCV  
  44  4:29  SCV  
  46  4:34  Supply Depot  
  46  4:40  SCV  
  46  4:41  SCV  
  47  4:46  Supply Depot  
  47  4:49  Raven  
  47  4:52  SCV  
  50  4:53  SCV  
  50  4:56  Supply Depot  
  51  5:03  Siege Tank  
  51  5:06  SCV x2  
  56  5:08  Orbital Command  
  56  5:09  Marine  
  56  5:12  Marine  
  58  5:18  SCV x2  
  58  5:20  Supply Depot  
  60  5:25  Raven  
  62  5:30  SCV x2, Refinery  
  62  5:33  SCV  
  65  5:37  Siege Tank  
  65  5:38  Marine  
  65  5:42  SCV x2  
  71  5:49  Marine  
  73  5:54  SCV x2  
  74  5:57  Orbital Command  
  74  5:58  Barracks  
  74  6:00  Barracks, Engineering Bay  
  74  6:01  Engineering Bay  
  75  6:06  SCV x2  
  78  6:13  Siege Tank  
  79  6:18  SCV  
  79  6:19  SCV  
  79  6:22  SCV  
  79  6:24  Supply Depot  
  82  6:26  Supply Depot  
  82  6:30  Viking x2, Stimpack  
  82  6:31  Marine, SCV x2  
  82  6:32  Terran Infantry Weapons Level 1  
  89  6:33  Terran Infantry Armor Level 1  
  89  6:34  SCV  
  90  6:43  SCV  
  90  6:46  SCV  
  92  6:48  Marine, SCV  
  92  6:49  Barracks Reactor x2  
  92  6:50  Supply Depot  
  92  6:52  Supply Depot  
  94  6:55  SCV  
  94  6:58  Missile Turret, SCV  
  94  7:00  SCV  
  97  7:06  Marine  
  97  7:07  SCV, Refinery x2  
  99  7:08  Sensor Tower  
  99  7:10  SCV  
  99  7:11  Viking  
  99  7:12  SCV  
  103  7:16  Viking  
  103  7:19  SCV  
  103  7:20  Supply Depot x2  
  103  7:21  Siege Tank  
  103  7:22  Supply Depot  
  109  7:23  SCV  
  109  7:24  Marine  
  109  7:25  SCV  
  109  7:27  Marine  
  109  7:28  Marine  
  109  7:29  Marine  
  115  7:31  SCV  
  115  7:32  Armory  
  117  7:39  Barracks  
  117  7:40  Barracks, Marine  
  117  7:42  Marine  
  120  7:44  Missile Turret  
  120  7:51  Viking  
  120  7:52  Marine  
  120  7:55  Command Center, Supply Depot  
  121  7:58  Marine  
  121  8:00  Viking  
  121  8:04  Siege Tank, Marine  
  128  8:07  Marine  
  128  8:11  SCV, Supply Depot  
  128  8:12  SCV  
  131  8:15  Marine x2  
  131  8:16  Marine  
  131  8:18  Supply Depot, SCV  
  135  8:22  Marine  
  135  8:25  Marine  
  124  8:33  Marine x2  
  105  8:34  Marine  
  105  8:36  Siege Tank  
  105  8:37  SCV x2  
  105  8:39  Marine  
  108  8:43  Marine  
  108  8:44  Medivac x2  
  108  8:47  Barracks Reactor x2  
  108  8:48  Terran Infantry Weapons Level 2  
  111  8:50  Marine  
  111  8:51  Marine  
  111  8:52  Terran Infantry Armor Level 2, Marine  
  111  8:54  Terran Vehicle Weapons Level 1  
  114  8:57  Marine  
  114  8:58  SCV  
  114  9:00  Combat Shield  
  114  9:01  Marine  
  117  9:08  Marine x2  
  117  9:09  Marine  
  119  9:15  Marine  
  109  9:19  Marine  
  109  9:20  Liberator x2  
  109  9:23  Siege Tank  
  115  9:24  SCV x2  
  115  9:25  Marine, SCV  
  115  9:26  Marine x2  
  115  9:27  Marine  
  115  9:30  Marine x3  
  125  9:33  Marine  
  125  9:35  Factory, Sensor Tower  
  125  9:36  SCV x2  
  125  9:37  Marine  
  129  9:42  Marine  
  129  9:44  Marine x2  
  129  9:45  Marine  
  132  9:48  Marine x3  
  132  9:51  Marine  
  122  9:54  Marine  
  121  10:00  Marine  
  121  10:01  Siege Tank  
  121  10:02  Marine x2  
  121  10:03  Marine, Medivac  
  121  10:06  Marine x3  
  133  10:09  Marine  
  133  10:12  Marine  
  135  10:17  Viking  
  135  10:18  Marine  
  135  10:19  Marine  
  135  10:20  Marine  
  135  10:21  Factory Tech Lab, Marine  
  141  10:23  Marine  
  141  10:24  Marine  
  141  10:25  Marine  
  141  10:27  Bunker  
  144  10:33  Viking, Siege Tank  
  144  10:34  Marine x2  
  151  10:36  Marine  
  151  10:37  Marine x2  
  151  10:39  Marine  
  151  10:40  Siege Tank  
  151  10:41  Marine x2  
  160  10:43  Marine  
  161  10:50  Liberator  
  161  10:52  Marine  
  161  10:53  Marine  
  161  10:56  Marine  
  163  10:57  Marine x2  
  163  10:59  Marine x3  
  163  11:02  Liberator, Marine  
  172  11:06  Siege Tank  
  160  11:55  Marine x6  
  160  11:56  Siege Tank, Marine x3  
  160  11:57  Siege Tank  
  136  12:10  Orbital Command  
  136  12:12  Marine x2  
  136  12:13  Marine x4  
  136  12:14  Marine x3  
  143  12:28  Siege Tank  
  143  12:29  Siege Tank  
  149  12:30  Marine x3  
  149  12:31  Marine x6  
  157  12:48  Marine  
  158  13:07  Marine x3  
  158  13:11  Medivac x2  
  158  13:19  Marine x2  
  158  13:22  Marine x2